 Dungeon Crawl Stone Soup version 0.30-a0-782-ge64f9170bb (webtiles) character file.

Game seed: 2604202077395164075

46 dmks the Conjurer (level 3, 0/26 HPs)
             Began as a Draconian Conjurer on Mar 4, 2023.
             Slain by Crazy Yiuf
             ... wielding a +4 quarterstaff of chaos
              (7 damage)
             ... on level 2 of the Dungeon.
             The game lasted 00:05:17 (1512 turns).

dmks the Conjurer (Draconian Conjurer)              Turns: 1512, Time: 00:05:18

Health: 0/26       AC:  5    Str:  9    XL:     3   Next: 46%
Magic:  3/7        EV: 27    Int: 26    God:
Gold:   123        SH:  0    Dex:  9    Spells: 4/7 levels left

rFire   . . .      SeeInvis .    b - +0 mace
rCold   . . .      Faith    .    (no shield)
rNeg    . . .      Spirit   .    (body armour unavailable)
rPois   .          Reflect  .    (helmet restricted)
rElec   .          Harm     .    (no cloak)
rCorr   .          Rampage  .    (no gloves)
Will    .....                    (no boots)
Stlth   ++                       c - amulet of the acrobat
HPRegen 0.24/turn                j - +6 ring of intelligence
MPRegen 0.10/turn                (no ring)

@: lethally poisoned (0 -> -3), acrobatic
A: AC +5, unfitting armour, cold-blooded
a: no special abilities


You were on level 2 of the Dungeon.
You visited 1 branch of the dungeon, and saw 2 of its levels.

You collected 123 gold pieces.

Inventory:

Hand Weapons
 b - a +0 mace (weapon)
   (You found it on level 1 of the Dungeon)
 k - a +0 glaive
   (You took it off a hobgoblin on level 2 of the Dungeon)
Armour
 g - a +0 pair of gloves
   (You found it on level 1 of the Dungeon)
Jewellery
 c - an amulet of the acrobat (around neck)
   (You found it on level 1 of the Dungeon)
 j - a +6 ring of intelligence (left hand)
   (You took it off a hobgoblin on level 2 of the Dungeon)
Scrolls
 d - a scroll of identify {unknown}
 e - a scroll of fear {unknown}
 f - a scroll of teleportation {unknown}
 h - a scroll of magic mapping {unknown}
Potions
 a - 2 potions of magic
 i - a potion of curing {unknown}
 l - 2 potions of heal wounds {unknown}


   Skills:
 + Level 2.2 Dodging
 + Level 2.3 Stealth
 * Level 2.7 Spellcasting
 + Level 4.2 Conjurations


You had 4 spell levels left.
You knew the following spells:

 Your Spells              Type           Power      Damage    Failure   Level
a - Magic Dart            Conj           100%       1d8       1%          1
s - Searing Ray           Conj           50%        2d6       2%          2

Your spell library contained the following spells:

 Spells                   Type           Power      Damage    Failure   Level
 Dazzling Flash           Conj/Hex       28%        N/A       12%         3
 Fulminant Prism          Conj/Hex       7%         3d7       38%         4
 Iskenderun's Mystic Bla  Conj/Tloc      14%        2d5       38%         4


Dungeon Overview and Level Annotations

Branches:
Dungeon (2/15)

Altars:

Annotations:
D:2 Crazy Yiuf


Innate Abilities, Weirdness & Mutations

Your plain brown scales are hard. (AC +5)
You cannot fit into any form of body armour.
You are cold-blooded and may be slowed by cold attacks.


Message History

You can't see that place. [Stash: an amulet of the acrobat] [the floor.]
An endoplasm is nearby!
You can't see any susceptible monsters within range! (Use Z to cast anyway.)
The endoplasm quivers.
Aim: an endoplasm (100% to hit)
The magic dart hits the endoplasm.
Aim: an endoplasm (severely wounded, 100% to hit)
The magic dart hits the endoplasm.
You kill the endoplasm!
Unknown command.
Found a hammer.
Crazy Yiuf shouts!
Crazy Yiuf yells, "Cake!"
You open the door.
Found a runed spear and 6 stones.
Found 10 gold pieces.
A giant cockroach comes into view.
There is a stone staircase leading down here.
Crazy Yiuf says, "Cards!"
Unknown command.
A rock wall.
Crazy Yiuf yells, "Citrus broken noodlescoop!"
A runed translucent door.
You open the door. Crazy Yiuf attacks as you move away!
Crazy Yiuf barely misses you.
Crazy Yiuf laughs, "Cake!
Spliff horse hand."
Aim: Crazy Yiuf, wielding a +4 quarterstaff of chaos and wearing a +2 cloak of stealth (82% to hit)
The searing ray hits Crazy Yiuf but does no damage. (Press . to maintain the ray.) Crazy Yiuf hits you with a +4 quarterstaff of chaos.
You are poisoned.
Restarting spell: Searing Ray (safe; 2% risk of failure)
Aim: Crazy Yiuf, wielding a +4 quarterstaff of chaos and wearing a +2 cloak of stealth (82% to hit)
The searing ray hits Crazy Yiuf. (Press . to maintain the ray.)
You feel very sick.
Crazy Yiuf hits you with a +4 quarterstaff of chaos.
* * * LOW HITPOINT WARNING * * *
Okay, then.
You feel very sick. Crazy Yiuf attacks as you move away!
Crazy Yiuf completely misses you.
You feel sick.
You feel sick. Crazy Yiuf attacks as you move away!
Crazy Yiuf completely misses you.
You feel sick. Crazy Yiuf attacks as you move away!
Crazy Yiuf hits you with a +4 quarterstaff of chaos!
You die...

########..#..
..".....(.#..
########.##.. #.# ..
##.# ######## ##..#
### ###.#....## ##..##
#...##..#g.....##
#..##
#...'.####@.....###.##
#)..### ##.....##..#
### #####.##.## #....#
##>..# ######.######
#...........#
######.####.# . #.#
#.#..


You could see Crazy Yiuf.

Vanquished Creatures
  2 dart slugs (D:1)
  2 bats (D:1)
  5 endoplasms
  2 goblins (D:2)
  7 hobgoblins
  4 jackals (D:1)
  5 kobolds
  2 quokkas (D:1)
  2 ball pythons (D:1)
  2 frilled lizards
  3 rats (D:1)
36 creatures vanquished.

Vanquished Creatures (others)
  3 plants (D:1)
3 creatures vanquished.

Grand Total: 39 creatures vanquished

Notes
Turn   | Place    | Note
-------+----------+-------------------------------------------
     0 | D:1      | dmks the Draconian Conjurer began the quest for the Orb.
     0 | D:1      | Reached XP level 1. HP: 14/14 MP: 3/3
   169 | D:1      | Reached XP level 2. HP: 19/20 MP: 0/5
   776 | D:1      | Reached XP level 3. HP: 25/26 MP: 4/6
  1319 | D:2      | Learned a level 2 spell: Searing Ray
  1445 | D:2      | Found a runed translucent door.
  1446 | D:2      | Noticed Crazy Yiuf
  1512 | D:2      | Slain by Crazy Yiuf

Illustrated notes

Levels and vault maps discovered:
D:1:      eino_arrival_tree_alley, layout_basic, minmay_hexomino_f4
D:2:      layout_basic, uniq_crazy_yiuf_cottage

Skill      XL: |  1  2 |
---------------+-------+-----
Stealth        | 2 |  2.3
Dodging        | 2 |  2.2
Spellcasting   | |  2.7
Conjurations   | |  4.2

Action                     || total
---------------------------++-------
  Melee: Unarmed           ||    10
         Mace              ||    54
         Tailslap          ||     7
   Cast: Magic Dart        ||    53
         Searing Ray       ||     3
 Armour: Skin              ||    28
  Dodge: Dodged            ||    64

Table legend: (Time is in decaauts)
 A = Elapsed time spent in this place.
 B = Non-inter-level travel time spent in this place.
 C = Inter-level travel time spent in this place.
 D = Time resting spent in this place.
 E = Time spent auto-exploring this place.
 F = Levels seen in this place.
 G = Mean time per level.
                   A        B        C        D        E       F      G
               +--------+--------+--------+--------+--------+-----+--------+
         Total |   1538 |   1531 |      7 |      0 |   1147 |   2 |  769.0 |
       Dungeon |   1538 |   1531 |      7 |      0 |   1147 |   2 |  769.0 |
               +--------+--------+--------+--------+--------+-----+--------+

Top non-repeatable levels by time:
     D:1: 961 daAuts
     D:2: 577 daAuts
